 Dungeon Crawl Stone Soup version 0.29-a0-451-gfbfa42419e (webtiles) character file.

Game seed: 5484790063515332005

480 loir the Magician (level 7, -5/51 HPs)
             Began as a Djinni Fire Elementalist on May 18, 2022.
             Killed from afar by Ijyb (14 damage)
             ... with an iceblast
             ... on level 5 of the Dungeon on May 19, 2022.
             The game lasted 00:31:18 (4362 turns).

loir the Magician (Djinni Fire Elementalist)        Turns: 4362, Time: 00:31:19

Health: -5/51      AC:  2    Str:  7    XL:     7   Next: 34%
Gold:   208        EV: 12    Int: 18    God:
                   SH:  3    Dex: 14

rFire   + + .      SeeInvis .   (no weapon)
rCold   x . .      Faith    .   e - +0 buckler
rNeg    . . .      Spirit   .   a - +0 robe
rPois   ∞          Reflect  .   (no helmet)
rElec   .          Harm     .   (no cloak)
rCorr   .          Rampage  .   (no gloves)
Will    .....                   (boots unavailable)
Stlth   ++........              j - amulet of regeneration
HPRegen 0.97/turn               (no ring)
MPRegen 0.00/turn               (no ring)

@: flying
A: sickness immunity, fire resistance 2, cold vulnerability 1, float, innate
caster, HP casting, extra vitality 1
a: no special abilities


You were on level 5 of the Dungeon.
You visited 1 branch of the dungeon, and saw 5 of its levels.

You collected 208 gold pieces.

Inventory:

Missiles
 d - 130 stones
 n - 6 poisoned darts
Armour
 a - a +0 robe (worn)
 e - a +0 buckler (worn)
 g - a scarf of harm
 h - a +2 ring mail of cold resistance
Jewellery
 j - an amulet of regeneration (around neck)
 k - an amulet of the acrobat
Scrolls
 m - a scroll of fog
Potions
 b - 3 potions of mutation
 c - 2 potions of brilliance {unknown}
 f - a potion of might {unknown}
 i - 3 potions of curing
 l - a potion of attraction {unknown}


   Skills:
 + Level 3.9 Fighting
 - Level 2.1 Dodging
 - Level 1.5 Stealth
 * Level 5.1 Spellcasting


You couldn't memorise any spells.
You knew the following spells:

 Your Spells              Type           Power      Damage    Failure   Level
a - Foxfire               Conj/Fire      92%        2x1d8     2%          1
b - Scorch                Fire           46%        2d7       3%          2
c - Conjure Flame         Conj/Fire      23%        6-21      6%          3
d - Inner Flame           Hex/Fire       23%        N/A       6%          3
e - Flame Wave            Conj/Fire      23%        2d7       22%         4
f - Apportation           Tloc           46%        N/A       2%          1
g - Passwall              Tmut/Erth      19%        N/A       3%          2
h - Swiftness             Air            23%        N/A       6%          3
Your spell library was empty.

Dungeon Overview and Level Annotations

Branches:
Dungeon (5/15)
 Temple: D:4-7

Altars:
Trog

Annotations:
D:5 Ijyb


Innate Abilities, Weirdness & Mutations

You are immune to sickness and miasma.
You are immune to poison.
Your flesh is very heat resistant. (rF++)
You are vulnerable to cold. (rC-)
You float through the air rather than walking.
You learn spells naturally, not from books.
Your magical power is your life essence.
You have superior vitality. (+4 MHP)


Message History

Ijyb the Twisted Goblin comes into view.
She is wielding a +0 club, wearing a +3 leather armour of fire resistance and carrying a wand of iceblast (4).
Casting: Scorch (safe; 3% risk of failure)
Confirm with . or Enter, or press ? or * to list all spells.
Okay, then.
Casting: Foxfire (safe; 2% risk of failure)
Press: ? - help, Q - select action, (/) - cycle Dir - look around, f - activate You conjure some foxfire!
Casting: Foxfire (safe; 2% risk of failure)
Press: ? - help, Q - select action, (/) - cycle Dir - look around, f - activate You conjure some foxfire!
The foxfire hits Ijyb but does no damage.
Casting: Foxfire (safe; 2% risk of failure)
Press: ? - help, Q - select action, (/) - cycle Dir - look around, f - activate You conjure some foxfire!
The foxfire hits Ijyb but does no damage. x2
Casting: Foxfire (safe; 2% risk of failure)
Confirm with . or Enter, or press ? or * to list all spells.
Flames lash Ijyb but do no damage.
The foxfire hits Ijyb but does no damage. x3
Ijyb zaps a wand.
The mass of ice explodes!
The iceblast engulfs you!
You feel a painful chill!
Casting: Scorch (safe; 3% risk of failure)
Confirm with . or Enter, or press ? or * to list all spells.
Flames lash Ijyb.
Ijyb resists.
Ijyb is lightly wounded.
Ijyb's fire resistance burns away.
Ijyb zaps a wand.
The mass of ice explodes!
The iceblast engulfs you!
You feel a painful chill!
Casting: Scorch (safe; 3% risk of failure)
Confirm with . or Enter, or press ? or * to list all spells.
Flames lash Ijyb but do no damage.
Casting: Scorch (safe; 3% risk of failure)
Confirm with . or Enter, or press ? or * to list all spells.
Flames lash Ijyb.
Ijyb is moderately wounded.
Ijyb zaps a wand.
The mass of ice explodes!
The iceblast engulfs you!
You feel a painful chill!
* * * LOW HITPOINT WARNING * * *
Ijyb zaps a wand.
The mass of ice explodes!
The iceblast engulfs you!
You feel a painful chill!
You die...

#.# #. #.# ##.######
#.# .........# #.#
.........# #.#
.........# #.#
.........# #.#
.........###########.##
.........@............#
......g..##############
.........# .........#
.........# .......###
.....## ..... ....


You could see Ijyb (combustible).

Vanquished Creatures
  An ice beast (D:4)
  A phantom (D:4)
  A necrophage (D:5)
  2 jellies
  An orc priest (D:5)
  An iguana (D:4)
  A gnoll (D:1)
  3 adders
  An ufetubus (D:4)
  A worm (D:2)
  5 dart slugs
  4 orcs (D:5)
  7 bats
  7 endoplasms
  3 giant cockroaches
  4 goblins
  8 hobgoblins
  6 quokkas
  9 ball pythons
  4 frilled lizards
  7 kobolds
  6 rats
83 creatures vanquished.

Vanquished Creatures (others)
  229 foxfires
229 creatures vanquished.

Grand Total: 312 creatures vanquished

Notes
Turn   | Place    | Note
-------+----------+-------------------------------------------
     0 | D:1      | loir the Djinni Fire Elementalist began the quest for the
                  | Orb.
     0 | D:1      | Reached XP level 1. HP: 15/15 MP: 0/0
    96 | D:1      | Reached XP level 2. HP: 8/22 MP: 0/0
   555 | D:1      | Reached skill level 1 in Fighting
   688 | D:1      | Found a faded altar of an unknown god.
  1119 | D:1      | Reached XP level 3. HP: 23/27 MP: 0/0
  1119 | D:1      | Learned a level 1 spell: Apportation
  1179 | D:1      | Reached skill level 3 in Spellcasting
  1791 | D:2      | Reached XP level 4. HP: 14/32 MP: 0/0
  2050 | D:2      | Found a bloodstained altar of Trog.
  3324 | D:3      | Reached XP level 5. HP: 25/39 MP: 0/0
  3324 | D:3      | Learned a level 2 spell: Passwall
  3654 | D:4      | Noticed an ice beast
  3658 | D:4      | Killed an ice beast
  3659 | D:4      | Reached skill level 4 in Spellcasting
  3659 | D:4      | Reached XP level 6. HP: 40/45 MP: 0/0
  4006 | D:4      | Upgraded the game from 0.29-a0-422-gafbd6decc1 to
                  | 0.29-a0-451-gfbfa42419e
  4184 | D:5      | Entered Level 5 of the Dungeon
  4208 | D:5      | Reached XP level 7. HP: 9/50 MP: 0/0
  4208 | D:5      | Learned a level 3 spell: Swiftness
  4306 | D:5      | Reached skill level 5 in Spellcasting
  4353 | D:5      | Noticed Ijyb
  4362 | D:5      | Killed from afar by Ijyb

Illustrated notes

Levels and vault maps discovered:
D:1:      grunt_arrival_crossed_arrows, layout_loops_ring,
          hellmonk_ecumenical_altar_heavens_door, palyth_stone_intersect
D:2:      layout_loops_ring, basic_altar, patterned_corridor
D:3:      layout_loops_ring
D:4:      layout_basic
D:5:      layout_basic, vehumet_statue, uniq_ijyb

Skill      XL: |  1  2  3  4  5  6  7 |
---------------+----------------------+-----
Fighting       | 1 2 3 |  3.9
Spellcasting   | 3 4 5 |  5.1
Dodging        | |  2.1
Stealth        | |  1.5

Action                   |  1- 3 |  4- 6 |  7- 9 || total
-------------------------+-------+-------+-------++-------
 Cast: Foxfire           |    63 |    84 |     3 ||   150
       Scorch            |    16 |    28 |    13 ||    57
  Use: Scroll            |     5 |     5 |       ||    10
       Potion            |       |     1 |     1 ||     2
Armor: Robe              |       |     4 |     1 ||     5
Dodge: Dodged            |     4 |    13 |     8 ||    25
Block: Buckler           |       |     1 |     1 ||     2

Table legend: (Time is in decaauts)
 A = Elapsed time spent in this place.
 B = Non-inter-level travel time spent in this place.
 C = Inter-level travel time spent in this place.
 D = Time resting spent in this place.
 E = Time spent auto-exploring this place.
 F = Levels seen in this place.
 G = Mean time per level.
                   A        B        C        D        E       F      G
               +--------+--------+--------+--------+--------+-----+--------+
         Total |   4361 |   4174 |    187 |    229 |   3414 |   5 |  872.2 |
       Dungeon |   4361 |   4174 |    187 |    229 |   3414 |   5 |  872.2 |
               +--------+--------+--------+--------+--------+-----+--------+

Top non-repeatable levels by time:
     D:1: 1771 daAuts
     D:2: 1070 daAuts
     D:3: 774 daAuts
     D:4: 566 daAuts
     D:5: 177 daAuts
